 Dungeon Crawl Stone Soup version 0.19.1 (webtiles) character file.

34932 Ice the Archer (level 13, -3/105 HPs)
             Began as a Minotaur Berserker on Dec 6, 2016.
             Was a High Priest of Trog.
             Splashed with acid (31 damage)
             ... on level 1 of the Pits of Slime.
             The game lasted 01:26:18 (15827 turns).

Ice the Archer (Minotaur Berserker)                Turns: 15827, Time: 01:26:19

Health: -3/105     AC: 25    Str: 23    XL:     13   Next: 44%
Magic:  12/12      EV:  6    Int:  4    God:    Trog [*****.]
Gold:   610        SH:  0    Dex: 14    Spells: 0 memorised, 12 levels left

rFire  + . .     SeeInvis .     D - +3 longbow (flame)
rCold  + . .     Gourm    .     G - +2 gold dragon scales
rNeg   . . .     Faith    .     (shield currently unavailable)
rPois  +         Spirit   .     (helmet restricted)
rElec  .         Reflect  .     H - +2 cloak
rCorr  .         Harm     +     w - +1 pair of gloves
MR     +....                    K - +1 pair of boots
Stlth  ..........               P - amulet of harm
                                m - ring of poison resistance
                                R - ring of protection from magic

@: no status effects
A: retaliatory headbutt, horns 2
a: Berserk, Trog's Hand, Brothers in Arms, Burn Spellbooks, Renounce Religion


You were on level 1 of the Pits of Slime.
You worshipped Trog.
Trog was extremely pleased with you.
You were not hungry.

You visited 4 branches of the dungeon, and saw 16 of its levels.
You also visited: Ossuary.

You collected 610 gold pieces.

Inventory:

Hand Weapons
 d - a +0 lajatang
 r - a +2 shortbow of freezing
 z - a +1 spear of venom
 D - a +3 longbow of flaming (weapon)
 O - a +0 hand crossbow
Missiles
 h - 6 javelins
 k - 243 stones
 q - 193 sling bullets
 I - 29 arrows (quivered)
 S - 3 tomahawks
 T - 78 bolts
Armour
 w - a +1 pair of gloves (worn)
 G - +2 gold dragon scales (worn)
 H - a +2 cloak (worn)
 K - a +1 pair of boots (worn)
Jewellery
 m - a ring of poison resistance (right hand)
 P - an amulet of harm (around neck)
 R - a ring of protection from magic (left hand)
Wands
 v - a wand of acid (12/15)
 x - a wand of slowing (35/48)
 A - a wand of random effects (28/48)
 J - a wand of confusion (24/48)
 Q - a wand of paralysis (3/24)
Scrolls
 o - 9 scrolls of remove curse
 u - a scroll of recharging {unknown}
 y - 3 scrolls of teleportation
 B - 3 scrolls of blinking
 F - 2 scrolls of noise {unknown}
 M - a scroll of silence {unknown}
 N - 2 scrolls of fear {unknown}
 V - a scroll of magic mapping {unknown}
 X - 2 scrolls of immolation {unknown}
Potions
 e - 2 potions of curing
 g - 3 potions of flight
 i - 2 potions of might {unknown}
 j - 2 potions of ambrosia {unknown}
 n - 4 potions of lignification
 p - a potion of haste {unknown}
 s - a potion of berserk rage {unknown}
 t - 2 potions of heal wounds
 C - a potion of invisibility {unknown}
 W - a potion of brilliance {unknown}
 Y - 2 potions of agility {unknown}
 Z - 2 potions of resistance
Books
 b - a book of Callings

   Spells                             Type                      Level
   a - Summon Small Mammal            Summoning                    1
   b - Call Imp                       Summoning                    2
   c - Call Canine Familiar           Summoning                    3
   d - Summon Guardian Golem          Hexes/Summoning              3
   e - Summon Lightning Spire         Summoning/Air                4
   f - Summon Ice Beast               Ice/Summoning                4
   Trog disapproves of the use of such an item.
 E - a book of Misfortune

   Spells                             Type                      Level
   a - Confusing Touch                Hexes                        1
   b - Confuse                        Hexes                        3
   c - Gell's Gravitas                Hexes/Translocation          3
   d - Petrify                        Transmutation/Earth          4
   e - Metabolic Englaciation         Hexes/Ice                    5
   f - Yara's Violent Unravelling     Hexes/Transmutation          5
   Trog disapproves of the use of such an item.
 L - a book of Cantrips

   Spells                             Type                      Level
   a - Confusing Touch                Hexes                        1
   b - Animate Skeleton               Necromancy                   1
   c - Summon Small Mammal            Summoning                    1
   d - Apportation                    Translocation                1
   Trog disapproves of the use of such an item.
 U - a book of Changes

   Spells                             Type                      Level
   a - Beastly Appendage              Transmutation                1
   b - Sticks to Snakes               Transmutation                2
   c - Spider Form                    Transmutation/Poison         3
   d - Ice Form                       Ice/Transmutation            4
   e - Blade Hands                    Transmutation                5
   Trog disapproves of the use of such an item.
Comestibles
 a - 4 beef jerkies
 c - 7 bread rations
 f - 12 fruits
 l - 5 slices of pizza


   Skills:
 - Level 7.0 Fighting
   Level 4.0 Short Blades
   Level 3.6(8.8) Axes
 - Level 12.2(13.7) Polearms
 + Level 10.3(12.7) Staves
   Level 4.0 Slings
 - Level 14.6 Bows
 - Level 5.5 Crossbows
 - Level 6.7 Armour
 - Level 6.0 Dodging
 - Level 5.0 Stealth


You had 12 spell levels left.
You didn't know any spells.

Dungeon Overview and Level Annotations

Branches:
Dungeon (8/15)             Temple (0/1) D:7            Lair (5/6) D:8
  Swamp (0/4) Lair:3        Snake (1/4) Lair:3        Slime (2/5) Lair:5

Altars:
Fedhas
Hepliaklqana
Zin
Jiyva

Annotations:
Lair:5 exclusion: oklob plant


Innate Abilities, Weirdness & Mutations

You reflexively headbutt those who attack you in melee.
You have a pair of horns on your head.


Message History

Trog's vigour flows through your veins.
You are exhausted.
You feel yourself slow down.
You start resting.
You feel yourself speed up.
You start resting.
You feel less exhausted.
Your +3 longbow of flaming bursts into flame!
D - a +3 longbow of flaming (weapon)
You are splashed with acid!
The walls burn you!
You start resting.
HP restored.
Unknown command.
You are splashed with acid!
The walls burn you!
You are splashed with acid!
The walls burn you!
I - 29 arrows (gained 1)
You are splashed with acid!
The walls burn you!
* * * LOW HITPOINT WARNING * * *
You are splashed with acid!
The walls burn you!
You die...

##............................##
#.............................#
..............................##
..#....>......#................#
.............###..............##
.............####.#.<.........##
..............##...............#
..........#..#.##.##.......##.##
......#.........@##..........##
.....#.......#................#
..............................##
.#.#......#..##................#
#####..#...####.......#........#
# #...#...###..........##.#.## #
##.###.###....#.......#.#.# ###
### ##.##....#..#.....
#####....####.#.##


There were no monsters in sight!

Vanquished Creatures
  3 azure jellies (Slime:1)
  3 hydras
  6 death yaks
  A necromancer (Lair:4)
  A shining eye (Slime:1)
  10 elephants (Lair:5)
  2 spiny frogs
  9 komodo dragons
  Grinder (D:5)
  4 polar bears
  A hippogriff (Lair:4)
  7 slime creatures
  10 blink frogs
  6 dream sheep (Lair:5)
  8 basilisks
  4 hogs (D:7)
  35 yaks
  A human (D:7)
  2 nagas (Lair:3)
  7 water moccasins
  Duvessa (D:5)
  8 porcupines
  A hornet zombie (D:6)
  7 wolves
  2 phantoms
  3 ogres
  A centaur (D:6)
  7 crocodiles
  13 bullfrogs
  Dowan (D:5)
  A scorpion (D:6)
  2 howler monkeys (D:8)
  9 wights (D:5)
  5 electric eels
  A crimson imp (D:6)
  A quasit (D:6)
  2 orc priests
  A bullfrog zombie (D:7)
  A jelly (D:7)
  A basilisk zombie (Lair:4)
  A bullfrog skeleton (D:6)
  2 iguanas
  6 orc wizards
  3 worker ants
  A hound skeleton (D:4)
  4 mummies
  Robin (D:3)
  A river rat (D:8)
  8 adders
  A shadow imp (D:7)
  2 oozes
  3 adder zombies (Ossuary)
  2 adder skeletons
  6 worms
  3 dart slugs
  7 leopard geckos
  20 orcs
  6 giant cockroaches
  12 goblins
  11 hobgoblins
  2 quokkas
  5 bats
  4 frilled lizards
  4 goblin zombies
  5 hobgoblin zombies
  6 kobolds
  A kobold zombie (Ossuary)
  5 quokka zombies (Ossuary)
  9 rats
  2 rat zombies (Ossuary)
332 creatures vanquished.

Vanquished Creatures (others)
  22 fungi
  7 plants
29 creatures vanquished.

Grand Total: 361 creatures vanquished

Notes
Turn   | Place    | Note
-------+----------+-------------------------------------------
     0 | D:1      | Ice the Minotaur Berserker began the quest for the Orb.
     0 | D:1      | Reached XP level 1. HP: 19/19 MP: 0/0
   112 | D:1      | Reached XP level 2. HP: 26/26 MP: 1/1
   788 | D:2      | Reached XP level 3. HP: 19/31 MP: 2/2
  1048 | D:2      | Reached ** piety under Trog
  1415 | D:3      | Noticed a phantom
  1426 | D:3      | Killed a phantom
  1426 | D:3      | Reached skill level 5 in Dodging
  1426 | D:3      | Reached XP level 4. HP: 37/39 MP: 3/3
  1426 | D:3      | Reached XP level 5. HP: 43/45 MP: 4/4
  1474 | D:3      | Noticed Robin
  1478 | D:3      | Killed Robin
  1554 | D:3      | Reached skill level 1 in Slings
  2331 | D:4      | Reached XP level 6. HP: 49/51 MP: 5/5
  2487 | D:4      | Reached *** piety under Trog
  3133 | D:5      | Entered Level 5 of the Dungeon
  3185 | D:5      | Noticed Duvessa
  3186 | D:5      | Noticed Dowan
  3200 | D:5      | Killed Duvessa
  3200 | D:5      | Reached skill level 5 in Armour
  3200 | D:5      | Reached XP level 7. HP: 54/57 MP: 6/6
  3210 | D:5      | Killed Dowan
  3522 | D:5      | Noticed Grinder
  3529 | D:5      | Paralysed by Grinder for 4 turns
  3546 | D:5      | Killed Grinder
  3551 | D:5      | Reached skill level 1 in Polearms
  3561 | D:5      | Reached XP level 8. HP: 43/64 MP: 7/7
  3589 | D:5      | Paralysed by an orc wizard for 6 turns
  3831 | D:5      | Reached skill level 5 in Polearms
  4567 | D:5      | Reached **** piety under Trog
  5042 | D:6      | Found a sand-covered staircase.
  5050 | Ossuary  | Entered an ossuary
  5162 | Ossuary  | Received a gift from Trog
  5384 | D:6      | Found a glowing silver altar of Zin.
  5465 | D:6      | Reached XP level 9. HP: 70/70 MP: 8/8
  5578 | D:7      | Found a staircase to the Ecumenical Temple.
  5677 | D:7      | Reached ***** piety under Trog
  5796 | D:7      | Found a blossoming altar of Fedhas.
  6084 | D:7      | Reached skill level 10 in Polearms
  6108 | D:7      | Received a gift from Trog
  6516 | D:8      | Found a staircase to the Lair.
  6517 | D:8      | Noticed a komodo dragon
  6553 | D:8      | Found a hazy altar of Hepliaklqana.
  6607 | D:8      | Killed a komodo dragon
  6997 | Lair:1   | Entered Level 1 of the Lair of Beasts
  7210 | Lair:1   | Noticed a komodo dragon
  7223 | Lair:1   | Killed a komodo dragon
  7223 | Lair:1   | Reached skill level 5 in Fighting
  7223 | Lair:1   | Reached XP level 10. HP: 74/81 MP: 9/9
  7250 | Lair:1   | Reached skill level 1 in Bows
  7297 | Lair:1   | Reached skill level 2 in Bows
  7385 | Lair:1   | Reached skill level 3 in Bows
  7399 | Lair:1   | Noticed a spiny frog
  7412 | Lair:1   | Killed a spiny frog
  7412 | Lair:1   | Reached skill level 4 in Bows
  7621 | Lair:1   | Reached skill level 5 in Bows
  7940 | Lair:2   | Reached skill level 6 in Bows
  8024 | Lair:2   | Noticed a five-headed hydra
  8032 | Lair:2   | Killed a five-headed hydra
  8032 | Lair:2   | Reached skill level 7 in Bows
  8125 | Lair:2   | Reached skill level 8 in Bows
  8173 | Lair:2   | Reached skill level 9 in Bows
  8303 | Lair:2   | Reached XP level 11. HP: 71/88 MP: 10/10
  8446 | Lair:2   | Noticed a four-headed hydra
  8459 | Lair:2   | Killed a four-headed hydra
  8459 | Lair:2   | Reached skill level 10 in Bows
  8528 | Lair:2   | Reached skill level 11 in Bows
  9262 | Lair:2   | Reached skill level 12 in Bows
  9482 | Lair:3   | Reached skill level 1 in Stealth
  9582 | Lair:3   | Got a crude robe
  9593 | Lair:3   | Identified the +2 robe of Nyurphox {rF+} (You found it on level 3 of the Lair of Beasts)
  9641 | Lair:3   | Received a gift from Trog
  9658 | Lair:3   | Found a staircase to the Snake Pit.
  9693 | Snake:1  | Entered Level 1 of the Snake Pit
  9693 | Snake:1  | Noticed a naga warrior
  9693 | Snake:1  | Noticed a shock serpent
  9905 | Lair:3   | Found a staircase to the Swamp.
 10315 | Lair:4   | Reached skill level 5 in Stealth
 10419 | Lair:4   | Received a gift from Trog
 10882 | Lair:4   | Noticed a necromancer
 10889 | Lair:4   | Killed a necromancer
 10889 | Lair:4   | Reached skill level 13 in Bows
 10889 | Lair:4   | Reached XP level 12. HP: 94/94 MP: 11/11
 11658 | Lair:5   | Noticed a five-headed hydra
 11662 | Lair:5   | Killed a five-headed hydra
 11662 | Lair:5   | Reached skill level 1 in Staves
 11669 | Lair:5   | Noticed a six-headed hydra
 11703 | Lair:5   | Reached skill level 14 in Bows
 12133 | Lair:5   | Reached skill level 1 in Crossbows
 12193 | Lair:5   | Found a viscous altar of Jiyva.
 12193 | Lair:5   | Found a staircase to the Slime Pits.
 12254 | Slime:1  | Entered Level 1 of the Pits of Slime
 12282 | Slime:1  | Noticed an azure jelly
 12298 | Slime:1  | Killed an azure jelly
 12298 | Slime:1  | Received a gift from Trog
 12298 | Slime:1  | Reached skill level 5 in Crossbows
 12321 | Slime:1  | Noticed an azure jelly
 12323 | Slime:1  | Killed an azure jelly
 12745 | Lair:5   | Noticed a death yak
 12747 | Lair:5   | Noticed a death yak
 12748 | Lair:5   | Noticed a death yak
 12749 | Lair:5   | Noticed a death yak
 12750 | Lair:5   | Noticed a death yak
 12752 | Lair:5   | Noticed a death yak
 12754 | Lair:5   | Noticed a death yak
 12755 | Lair:5   | Noticed a death yak
 12766 | Lair:5   | Noticed a death yak
 12771 | Lair:5   | Noticed a death yak
 12776 | Lair:5   | Killed a death yak
 12796 | Lair:5   | Reached skill level 5 in Staves
 12796 | Lair:5   | Reached XP level 13. HP: 35/105 MP: 12/12
 14351 | Slime:1  | HP: 2/105 [acid (21)]
 15468 | Slime:2  | Noticed an azure jelly
 15494 | Slime:1  | Killed an azure jelly
 15494 | Slime:1  | Reached skill level 10 in Staves
 15827 | Slime:1  | Splashed with acid

Skill      XL: |  1  2  3  4  5  6  7  8  9 10 11 12 13 |
---------------+----------------------------------------+-----
Dodging        | 3 5 6 |  6.0
Slings         | 3 4 |  4.0
Armour         | 5 6 |  6.7
Short Blades   | 3 4 |  4.0
Polearms       | 2 8 12 | 12.2
Fighting       | 5 7 |  7.0
Bows           | 9 13 14 | 14.6
Stealth        | 5 |  5.0
Staves         | 5 10 | 10.3
Crossbows      | 5 |  5.5
Axes           | |  3.6

Action                   |  1- 3 |  4- 6 |  7- 9 | 10-12 | 13-15 || total
-------------------------+-------+-------+-------+-------+-------++-------
Melee: Hand axe          |    74 |    17 |       |       |       ||    91
       Headbutt          |     9 |    15 |    85 |   167 |    51 ||   327
       Spear             |       |    56 |   212 |   631 |   115 ||  1014
       Long sword        |       |    10 |       |       |       ||    10
       Dagger            |       |       |   213 |       |       ||   213
       Lajatang          |       |       |       |    18 |     9 ||    27
 Fire: Hunting sling     |    13 |    69 |    38 |       |       ||   120
       Shortbow          |       |       |    33 |   247 |       ||   280
       Longbow           |       |       |       |    20 |    40 ||    60
Throw: Stone             |    52 |    10 |     8 |     9 |       ||    79
Invok: Berserk           |       |     1 |     1 |     2 |     1 ||     5
       Trog's Hand       |       |       |     1 |       |       ||     1
       Burn Spellbooks   |       |       |       |     1 |       ||     1
  Use: Scroll            |     2 |     1 |    14 |     8 |     1 ||    26
       Potion            |       |       |     1 |     7 |       ||     8
  Eat: Chunk             |     2 |     6 |     6 |     5 |       ||    19
       Meat ration       |       |       |     3 |     2 |     1 ||     6
       Pizza             |       |       |       |     3 |       ||     3
Armor: Animal skin       |     1 |       |       |       |       ||     1
       Chain mail        |    37 |    33 |       |       |       ||    70
       Gold dragon scale |       |    11 |   319 |   337 |    77 ||   744
Dodge: Dodged            |    44 |    20 |   103 |   118 |    22 ||   307
